TOP OF THE 1ST |
Grand Junction Rockies batting - Pitching for Missoula Osprey : RHP Tom Moore
|
Pitching: RHP Tom Moore
|
|
Batting: RHB Juan Figueroa
|
0-0: Ball 1-0: Ball 2-0: Swinging Strike 2-1: Ball 3-1: Swinging Strike 3-2: Base on Balls
|
Batting: LHB Luke Coulter
|
0-0: Ball Juan Figueroa is caught stealing 2nd base 2-6 1-0: Called Strike 1-1: Ball 2-1: Ball 3-1: Called Strike 3-2: Foul Ball, location: 2F 3-2: Strikes out swinging
|
Batting: RHB Doug D'Onofrio
|
0-0: Ball 1-0: Fly out, F8 (Flyball, 8RD, EV 93.8 MPH)
|
Top of the 1st over - 0 runs, 0 hits, 0 errors, 0 left on base; Grand Junction 0 - Missoula 0 |
BOTTOM OF THE 1ST |
Missoula Osprey batting - Pitching for Grand Junction Rockies : RHP Dave Shanks
|
Pitching: RHP Dave Shanks
|
|
Batting: RHB Hyeok Shon
|
0-0: Ball 1-0: Ball 2-0: Foul Ball, location: 2F 2-1: Ground out 3-1 (Groundball, 3D, EV 81.9 MPH)
|
Batting: RHB Orlando Florez
|
0-0: Fly out, F4 (Flyball, 4D, EV 88.1 MPH)
|
Batting: LHB Dallas Kelly
|
0-0: Called Strike 0-1: Fly out, F9 (Flyball, 9LSF, EV 90.6 MPH)
|
Bottom of the 1st over - 0 runs, 0 hits, 0 errors, 0 left on base; Grand Junction 0 - Missoula 0 |
TOP OF THE 2ND |
Grand Junction Rockies batting - Pitching for Missoula Osprey : RHP Tom Moore
|
Batting: RHB Ray Insley
|
0-0: Ball 1-0: Called Strike 1-1: Foul Ball, location: 2F 1-2: Foul Ball, location: 2F 1-2: Ball 2-2: Foul Ball, location: 2F 2-2: Foul Ball, location: 2F 2-2: Foul Ball, location: 2F 2-2: SINGLE (Line Drive, 7S, EV 85.6 MPH)
|
Batting: LHB Harry Folsom
|
0-0: Called Strike Ray Insley steals 2nd, throwing error, E2 Ray Insley to third 0-1: Ball 1-1: Called Strike 1-2: Strikes out swinging
|
Batting: RHB John Stevenson
|
0-0: Ball 1-0: Ball 2-0: Foul Ball, location: 2F 2-1: Ball 3-1: Base on Balls
|
Batting: SHB Jamie Mims
|
0-0: Fielders Choice at 2nd, 1-4 (Groundball, 15, EV 65.6 MPH)
|
Batting: RHB Zakhar Edelman
|
0-0: Ball 1-0: Ball 2-0: Ball 3-0: Base on Balls Jamie Mims to second
|
Batting: RHB Randy Breitbart
|
0-0: Called Strike 0-1: Ball 1-1: SINGLE (Line Drive, 6D, EV 97.5 MPH) Ray Insley scores Jamie Mims to third Zakhar Edelman to second Runner from 3rd tries for Home, SAFE, throw by CF to home
|
Batting: RHB Juan Figueroa
|
0-0: Ball 1-0: Ball 2-0: Ball 3-0: Base on Balls Zakhar Edelman to third Randy Breitbart to second
|
Batting: LHB Luke Coulter
|
0-0: Ball 1-0: Ball 2-0: Ball 3-0: Swinging Strike 3-1: Base on Balls Zakhar Edelman scores Randy Breitbart to third Juan Figueroa to second
|
Batting: RHB Doug D'Onofrio
|
0-0: Ball 1-0: Ball 2-0: Foul Ball, location: 2F 2-1: Fielders Choice at 2nd, 6-4 (Groundball, 6, EV 80.0 MPH)
|
Top of the 2nd over - 3 runs, 2 hits, 1 error, 3 left on base; Grand Junction 3 - Missoula 0 |
BOTTOM OF THE 2ND |
Missoula Osprey batting - Pitching for Grand Junction Rockies : RHP Dave Shanks
|
Batting: RHB D.J. Cooke
|
0-0: Ball 1-0: Called Strike 1-1: Ball 2-1: Called Strike 2-2: Strikes out swinging
|
Batting: RHB Mike Swift
|
0-0: Called Strike 0-1: Ball 1-1: Ball 2-1: Fly out, F8 (Line Drive, 8RD, EV 95.0 MPH)
|
Batting: RHB Edwin Romero
|
0-0: Ball 1-0: Ball 2-0: Foul Ball, location: 2F 2-1: Ball 3-1: Called Strike 3-2: Foul Ball, location: 2F 3-2: Base on Balls
|
Batting: RHB Daniel Rivera
|
0-0: Ball Edwin Romero steals 2nd base 1-0: Ground out 4-3 (Groundball, 34, EV 101.9 MPH)
|
Bottom of the 2nd over - 0 runs, 0 hits, 0 errors, 1 left on base; Grand Junction 3 - Missoula 0 |
TOP OF THE 3RD |
Grand Junction Rockies batting - Pitching for Missoula Osprey : RHP Tom Moore
|
Pitching: LHP Ian Tamburrino
|
|
Batting: RHB Ray Insley
|
0-0: Swinging Strike 0-1: Foul Ball, location: 2F 0-2: Fly out, F8 (Line Drive, 8LD, EV 89.4 MPH)
|
Batting: LHB Harry Folsom
|
0-0: Called Strike 0-1: Ball 1-1: Foul Ball, location: 2F 1-2: Foul Ball, location: 2F 1-2: Ball 2-2: Ball 3-2: Base on Balls
|
Batting: RHB John Stevenson
|
0-0: Called Strike 0-1: Fly out, F9 (Flyball, 9, EV 91.9 MPH)
|
Batting: SHB Jamie Mims
|
0-0: SINGLE (Line Drive, 6M, EV 98.8 MPH) Harry Folsom to second
|
Batting: RHB Zakhar Edelman
|
0-0: Called Strike 0-1: DOUBLE (Line Drive, 7LS, EV 106.2 MPH) Harry Folsom scores Jamie Mims to third Runner from 3rd tries for Home, throw by LF and OUT! 7-6-2
|
Top of the 3rd over - 1 run, 2 hits, 0 errors, 1 left on base; Grand Junction 4 - Missoula 0 |
BOTTOM OF THE 3RD |
Missoula Osprey batting - Pitching for Grand Junction Rockies : RHP Dave Shanks
|
Batting: SHB Ethan Newby
|
0-0: Called Strike 0-1: Ball 1-1: Ball 2-1: Foul Ball, location: 2F 2-2: Strikes out swinging
|
Batting: LHB Josh Thomas
|
0-0: Ball 1-0: Called Strike 1-1: Ball 2-1: Called Strike 2-2: Ball 3-2: Base on Balls
|
Batting: RHB Hyeok Shon
|
0-0: Foul Ball, location: 2F 0-1: Ball 1-1: Foul Ball, location: 2F 1-2: Ball 2-2: Ball 3-2: Base on Balls Josh Thomas to second
|
Batting: RHB Orlando Florez
|
0-0: Fly out, F8 (Flyball, 8RXD, EV 81.9 MPH) Runner from 2nd tags up, SAFE at 3rd, no throw by CF
|
Batting: LHB Dallas Kelly
|
0-0: Called Strike 0-1: Foul Ball, location: 2F 0-2: Ball 1-2: Ground out U3 (Groundball, 3L, EV 98.1 MPH)
|
Bottom of the 3rd over - 0 runs, 0 hits, 0 errors, 2 left on base; Grand Junction 4 - Missoula 0 |
TOP OF THE 4TH |
Grand Junction Rockies batting - Pitching for Missoula Osprey : LHP Ian Tamburrino
|
Batting: RHB Randy Breitbart
|
0-0: Ball 1-0: Ball 2-0: Ball 3-0: Base on Balls
|
Batting: RHB Juan Figueroa
|
0-0: Ball 1-0: Ball 2-0: Called Strike 2-1: Ball 3-1: Foul Ball, location: 2F 3-2: Base on Balls Randy Breitbart to second
|
Batting: LHB Luke Coulter
|
0-0: Fielders Choice at 2nd, 6-4 (Groundball, 56, EV 85.0 MPH) Randy Breitbart to third
|
Batting: RHB Doug D'Onofrio
|
0-0: Ball 1-0: Foul Ball, location: 2F 1-1: Ball 2-1: Foul Ball, location: 2F 2-2: Grounds into double play, 6-4-3 (Groundball, 56, EV 78.8 MPH)
|
Top of the 4th over - 0 runs, 0 hits, 0 errors, 1 left on base; Grand Junction 4 - Missoula 0 |
BOTTOM OF THE 4TH |
Missoula Osprey batting - Pitching for Grand Junction Rockies : RHP Dave Shanks
|
Batting: RHB D.J. Cooke
|
0-0: Ball 1-0: Ball 2-0: Foul Ball, location: 2F 2-1: Ball 3-1: Called Strike 3-2: Fly out, F8 (Flyball, 8LD, EV 100.6 MPH)
|
Batting: RHB Mike Swift
|
0-0: Ball 1-0: Called Strike 1-1: Foul Ball, location: 2F 1-2: Strikes out swinging
|
Batting: RHB Edwin Romero
|
0-0: SOLO HOME RUN (Flyball, 7D, EV 93.1 MPH), Distance : 345 ft
|
Batting: RHB Daniel Rivera
|
0-0: Foul Ball, location: 2F 0-1: Foul Ball, location: 2F 0-2: Ball 1-2: Ball 2-2: Foul Ball, location: 2F 2-2: Strikes out swinging
|
Bottom of the 4th over - 1 run, 1 hit, 0 errors, 0 left on base; Grand Junction 4 - Missoula 1 |
TOP OF THE 5TH |
Grand Junction Rockies batting - Pitching for Missoula Osprey : LHP Ian Tamburrino
|
Batting: RHB Ray Insley
|
0-0: SINGLE (Line Drive, 6D, EV 99.4 MPH)
|
Batting: LHB Harry Folsom
|
0-0: Called Strike 0-1: Ball 1-1: Ball 2-1: Ball 3-1: Base on Balls Ray Insley to second
|
Pitching: LHP Cory Youngquist
|
|
Batting: RHB John Stevenson
|
0-0: Ball 1-0: Ball 2-0: SINGLE (Groundball, 15S, EV 67.5 MPH) (infield hit) Ray Insley to third Harry Folsom to second
|
Batting: SHB Jamie Mims
|
0-0: Ball 1-0: Ball 2-0: Called Strike 2-1: Ball 3-1: Fly out, F7 (Line Drive, 7, EV 96.9 MPH)
|
Batting: RHB Zakhar Edelman
|
0-0: Ground out 6-3 (Groundball, 6M, EV 86.2 MPH) Ray Insley scores Harry Folsom to third John Stevenson to second
|
Batting: RHB Randy Breitbart
|
0-0: SINGLE (Flyball, 34D, EV 94.4 MPH) Harry Folsom scores John Stevenson to third Runner from 3rd tries for Home, SAFE, throw by RF to home
|
Batting: RHB Juan Figueroa
|
0-0: Ball 1-0: Called Strike 1-1: DOUBLE (Flyball, 78XD, EV 101.9 MPH) Randy Breitbart to third Runner from 3rd tries for Home, SAFE, throw by CF to trailing runner, SAFE at third!
|
Batting: LHB Luke Coulter
|
0-0: Called Strike 0-1: Called Strike 0-2: Ball 1-2: Ball 2-2: Ball 3-2: Base on Balls
|
Batting: RHB Doug D'Onofrio
|
0-0: Called Strike 0-1: SINGLE (Groundball, 56, EV 94.4 MPH) Juan Figueroa scores Luke Coulter to second
|
Batting: RHB Ray Insley
|
0-0: Called Strike 0-1: Ball 1-1: Ball 2-1: Called Strike 2-2: Ball 3-2: Foul Ball, location: 2F 3-2: SINGLE (Groundball, 6M, EV 110.0 MPH) (infield hit) Luke Coulter to third Doug D'Onofrio to second
|
Batting: LHB Harry Folsom
|
0-0: Ball 1-0: Ground out U3 (Groundball, 3, EV 83.1 MPH)
|
Top of the 5th over - 5 runs, 6 hits, 0 errors, 3 left on base; Grand Junction 9 - Missoula 1 |
BOTTOM OF THE 5TH |
Missoula Osprey batting - Pitching for Grand Junction Rockies : RHP Dave Shanks
|
Batting: SHB Ethan Newby
|
0-0: Ball 1-0: Ball 2-0: Ball 3-0: Base on Balls
|
Batting: LHB Josh Thomas
|
0-0: Called Strike 0-1: Fly out, F8 (Flyball, 8LXD, EV 106.9 MPH)
|
Batting: RHB Hyeok Shon
|
0-0: Ball 1-0: Hit by Pitch Ethan Newby to second
|
Batting: RHB Orlando Florez
|
0-0: Ball 1-0: Fly out, F8 (Flyball, 89M, EV 91.2 MPH)
|
Batting: LHB Dallas Kelly
|
0-0: Foul Ball, location: 2F 0-1: Foul Ball, location: 2F 0-2: Ball 1-2: Strikes out swinging
|
Bottom of the 5th over - 0 runs, 0 hits, 0 errors, 2 left on base; Grand Junction 9 - Missoula 1 |
TOP OF THE 6TH |
Grand Junction Rockies batting - Pitching for Missoula Osprey : LHP Cory Youngquist
|
Batting: RHB John Stevenson
|
0-0: Ground out 4-3 (Groundball, 4, EV 97.5 MPH)
|
Batting: SHB Jamie Mims
|
0-0: Ball 1-0: Ball 2-0: Ball 3-0: Called Strike 3-1: Base on Balls
|
Batting: RHB Zakhar Edelman
|
0-0: Swinging Strike 0-1: Fly out, F3 (Line Drive, 34, EV 64.4 MPH) Lined into DP, U3 (Line Drive, 34, EV 69.4 MPH)
|
Top of the 6th over - 0 runs, 0 hits, 0 errors, 0 left on base; Grand Junction 9 - Missoula 1 |
BOTTOM OF THE 6TH |
Missoula Osprey batting - Pitching for Grand Junction Rockies : RHP Dave Shanks
|
Pitching: RHP Michael Conrad
|
|
Batting: RHB D.J. Cooke
|
0-0: Hit by Pitch
|
Batting: RHB Mike Swift
|
0-0: Ball 1-0: Called Strike D.J. Cooke steals 2nd base 1-1: Called Strike 1-2: Ground out 5-3 (Groundball, 56, EV 78.8 MPH)
|
Batting: RHB Edwin Romero
|
0-0: Called Strike 0-1: Ball 1-1: SINGLE (Groundball, 4MS, EV 71.9 MPH) (infield hit) D.J. Cooke to third
|
Batting: RHB Daniel Rivera
|
0-0: Grounds into double play, 6-4-3 (Groundball, 6, EV 87.5 MPH)
|
Bottom of the 6th over - 0 runs, 1 hit, 0 errors, 1 left on base; Grand Junction 9 - Missoula 1 |
TOP OF THE 7TH |
Grand Junction Rockies batting - Pitching for Missoula Osprey : LHP Cory Youngquist
|
Batting: RHB Randy Breitbart
|
0-0: Ball 1-0: Ball 2-0: Ball 3-0: Base on Balls
|
Batting: RHB Juan Figueroa
|
0-0: Ball 1-0: Ball 2-0: Called Strike 2-1: 2-RUN HOME RUN (Flyball, 78XD, EV 98.1 MPH), Distance : 393 ft
|
Batting: LHB Luke Coulter
|
0-0: Ball 1-0: Ball 2-0: Foul Ball, location: 2F 2-1: Ball 3-1: Foul Ball, location: 2F 3-2: Base on Balls
|
Batting: RHB Doug D'Onofrio
|
0-0: Foul Ball, location: 2F 0-1: Foul Ball, location: 2F 0-2: Foul Ball, location: 2F 0-2: Ball 1-2: Ball 2-2: TRIPLE (Line Drive, 78XD, EV 107.5 MPH) Luke Coulter scores
|
Pitching: RHP Edwin Martinez
|
|
Batting: RHB Ray Insley
|
0-0: Ball 1-0: Ground out 6-3 (Groundball, 56, EV 102.5 MPH) Doug D'Onofrio scores
|
Batting: LHB Harry Folsom
|
0-0: Foul Ball, location: 2F 0-1: Ball 1-1: Ball 2-1: Called Strike 2-2: Strikes out looking
|
Batting: RHB John Stevenson
|
0-0: Foul Ball, location: 2F 0-1: Ball 1-1: Ball 2-1: Ball 3-1: Foul Ball, location: 2F 3-2: SINGLE (Flyball, 8LS, EV 90.0 MPH)
|
Batting: SHB Jamie Mims
|
0-0: Ball 1-0: Ground out 4-3 (Groundball, 4D, EV 103.1 MPH)
|
Top of the 7th over - 4 runs, 3 hits, 0 errors, 1 left on base; Grand Junction 13 - Missoula 1 |
BOTTOM OF THE 7TH |
Missoula Osprey batting - Pitching for Grand Junction Rockies : RHP Michael Conrad
|
Batting: SHB Ethan Newby
|
0-0: Ball 1-0: Ball 2-0: Called Strike 2-1: Fly out, F9 (Flyball, 9LM, EV 83.8 MPH)
|
Batting: LHB Josh Thomas
|
0-0: Ball 1-0: Ball 2-0: Called Strike 2-1: Fly out, F7 (Flyball, 7LD, EV 85.6 MPH)
|
Batting: RHB Hyeok Shon
|
0-0: SINGLE (Groundball, 25, EV 73.8 MPH) (infield hit)
|
Batting: RHB Orlando Florez
|
0-0: Ball Wild Pitch! Hyeok Shon to second 1-0: Ball 2-0: Ball 3-0: Base on Balls
|
Batting: LHB Dallas Kelly
|
0-0: Ground out 3-1 (Groundball, 34S, EV 82.5 MPH)
|
Bottom of the 7th over - 0 runs, 1 hit, 0 errors, 2 left on base; Grand Junction 13 - Missoula 1 |
TOP OF THE 8TH |
Grand Junction Rockies batting - Pitching for Missoula Osprey : RHP Edwin Martinez
|
Batting: RHB Zakhar Edelman
|
0-0: Ball 1-0: Foul Ball, location: 2F 1-1: Ball 2-1: Foul Ball, location: 2F 2-2: Ball 3-2: Base on Balls
|
Batting: RHB Randy Breitbart
|
0-0: SINGLE (Groundball, 13S, EV 68.8 MPH) (infield hit) Zakhar Edelman to second
|
Batting: RHB Juan Figueroa
|
0-0: Ball 1-0: Called Strike 1-1: Called Strike 1-2: Fly out, F9 (Line Drive, 9S, EV 90.6 MPH)
|
Batting: LHB Luke Coulter
|
0-0: Called Strike 0-1: SINGLE (Groundball, 4MD, EV 97.5 MPH) Zakhar Edelman to third Randy Breitbart to second Runner from 3rd tries for Home, SAFE, throw by CF to home
|
Batting: RHB Doug D'Onofrio
|
0-0: Ball Balk! Randy Breitbart to third Luke Coulter to second 1-0: Foul Ball, location: 2F 1-1: Called Strike 1-2: Ball 2-2: Foul Ball, location: 2F 2-2: 3-RUN HOME RUN (Flyball, 9LD, EV 93.1 MPH), Distance : 353 ft
|
Pitching: LHP Josh Hubbard
|
|
Batting: RHB Ray Insley
|
0-0: Ball 1-0: Ball 2-0: Foul Ball, location: 2F 2-1: Ball 3-1: Foul Ball, location: 2F 3-2: Base on Balls
|
Batting: LHB Harry Folsom
|
0-0: Ball 1-0: Called Strike 1-1: Called Strike 1-2: Ball 2-2: Foul Ball, location: 2F 2-2: Foul Ball, location: 2F 2-2: SINGLE (Line Drive, 34D, EV 100.6 MPH) Ray Insley to second
|
Batting: RHB John Stevenson
|
0-0: Fielders Choice at 2nd, 4-6 (Groundball, 4, EV 83.1 MPH) Ray Insley to third
|
Batting: SHB Jamie Mims
|
0-0: Foul Ball, location: 2F 0-1: Ball 1-1: Foul Ball, location: 2F 1-2: Ball Passed Ball! Ray Insley scores John Stevenson to second 2-2: Strikes out swinging
|
Top of the 8th over - 5 runs, 4 hits, 0 errors, 1 left on base; Grand Junction 18 - Missoula 1 |
BOTTOM OF THE 8TH |
Missoula Osprey batting - Pitching for Grand Junction Rockies : RHP Michael Conrad
|
Batting: RHB D.J. Cooke
|
0-0: Ball 1-0: Foul Ball, location: 2F 1-1: Ball 2-1: Fly out, F9 (Flyball, 89M, EV 83.8 MPH)
|
Pitching: RHP Manny Lebron
|
|
Batting: RHB Mike Swift
|
0-0: Ball 1-0: Ball 2-0: Called Strike 2-1: Foul Ball, location: 2F 2-2: Fly out, F8 (Flyball, 89M, EV 92.5 MPH)
|
Batting: RHB Edwin Romero
|
0-0: Fly out, F7 (Flyball, 78M, EV 79.4 MPH)
|
Bottom of the 8th over - 0 runs, 0 hits, 0 errors, 0 left on base; Grand Junction 18 - Missoula 1 |
TOP OF THE 9TH |
Grand Junction Rockies batting - Pitching for Missoula Osprey : LHP Josh Hubbard
|
Batting: RHB Zakhar Edelman
|
0-0: Ball 1-0: Ground out 4-3 (Groundball, 34, EV 102.5 MPH)
|
Batting: RHB Randy Breitbart
|
0-0: Called Strike 0-1: Ball 1-1: Foul Ball, location: 2F 1-2: Ball 2-2: Strikes out swinging
|
Batting: RHB Juan Figueroa
|
0-0: Called Strike 0-1: Called Strike 0-2: Foul Ball, location: 2F 0-2: Ball 1-2: Ball 2-2: Foul Ball, location: 2F 2-2: Foul Ball, location: 2F 2-2: Ball 3-2: SINGLE (Line Drive, 9LS, EV 91.9 MPH)
|
Batting: LHB Luke Coulter
|
0-0: Foul Ball, location: 2F 0-1: Foul Ball, location: 2F 0-2: Strikes out swinging
|
Top of the 9th over - 0 runs, 1 hit, 0 errors, 1 left on base; Grand Junction 18 - Missoula 1 |
BOTTOM OF THE 9TH |
Missoula Osprey batting - Pitching for Grand Junction Rockies : RHP Manny Lebron
|
Batting: RHB Daniel Rivera
|
0-0: Called Strike 0-1: DOUBLE (Line Drive, 5D, EV 96.2 MPH)
|
Batting: SHB Ethan Newby
|
0-0: Ball 1-0: Ball 2-0: Ball 3-0: Called Strike 3-1: Foul Ball, location: 2F 3-2: Foul Ball, location: 2F 3-2: Base on Balls
|
Batting: LHB Josh Thomas
|
0-0: Foul Ball, location: 2F 0-1: Swinging Strike 0-2: Hit by Pitch Daniel Rivera to third Ethan Newby to second
|
Pitching: RHP Jerry Dunne
|
|
Pinch Hitting: SHB Ed Vargas
|
0-0: Ball 1-0: Ball 2-0: Called Strike 2-1: Called Strike 2-2: Foul Ball, location: 2F 2-2: Ball 3-2: Fielders Choice at 2nd, 4-6 (Groundball, 4, EV 89.4 MPH) Daniel Rivera scores Ethan Newby to third
|
Batting: RHB Orlando Florez
|
0-0: Foul Ball, location: 2F 0-1: Ball 1-1: Ball Pickoff Throw by Catcher to First - Error! E2 Ethan Newby scores Ed Vargas to second 2-1: Ground out 4-3 (Groundball, 4, EV 80.6 MPH) Ed Vargas to third
|
Batting: LHB Dallas Kelly
|
0-0: 2-RUN HOME RUN (Flyball, 9LD, EV 98.8 MPH), Distance : 350 ft
|
Batting: RHB D.J. Cooke
|
0-0: Foul Ball, location: 2F 0-1: TRIPLE (Flyball, 89XD, EV 101.2 MPH)
|
Batting: RHB Mike Swift
|
0-0: Ball 1-0: Foul Ball, location: 2F 1-1: Swinging Strike 1-2: Strikes out swinging
|
Bottom of the 9th over - 4 runs, 3 hits, 1 error, 1 left on base; Grand Junction 18 - Missoula 5 |
|